 Dungeon Crawl Stone Soup version 0.25-a0-713-g4845790874 (webtiles) character file.

Game seed: 14827518396588310753, levelgen mode: deterministic

57 MisterFreud the Skirmisher (level 3, -3/18 HPs)
             Began as a Felid Skald on Apr 5, 2020.
             Killed from afar by an orc wizard (6 damage)
             ... with a magic dart
             ... on level 3 of the Dungeon.
             The game lasted 00:04:07 (2514 turns).

MisterFreud the Skirmisher (Felid Skald)            Turns: 2514, Time: 00:04:08

Health: -3/18      AC:  1    Str: 11    XL:     3   Next: 73%
Magic:  0/7        EV: 18    Int: 14    God:
Gold:   84         SH:  0    Dex: 16    Spells: 3/6 levels left
                                        Lives:  0   Deaths: 0

rFire    . . .     SeeInvis +     - Unarmed
rCold    . . .     Gourm    .   (shield unavailable)
rNeg     . . .     Faith    .   (armour unavailable)
rPois    .         Spirit   .   (helmet unavailable)
rElec    .         Reflect  .   (cloak unavailable)
rCorr    .         Harm     .   (gloves unavailable)
MR       .....                  (boots unavailable)
Stlth    ++........             (no amulet)
HPRegen  0.06/turn              d - +4 ring of strength
MPRegen  0.10/turn              (no ring)

@: infused (expiring), quick
A: very small, no armour, no weapons or thrown items, stealth, claws 1, fangs 3,
see invisible, carnivore, speed 1, shaggy fur 1, slow metabolism 1, sharp paws
a: no special abilities


You were on level 3 of the Dungeon.
You were very full.

You visited 1 branch of the dungeon, and saw 3 of its levels.

You collected 84 gold pieces.

Inventory:

Jewellery
 d - a +4 ring of strength (left paw)
Scrolls
 a - 2 scrolls of amnesia {unknown}
 c - 2 scrolls of identify {unknown}
 e - a scroll of immolation {unknown}
 g - a scroll of fog {unknown}
 h - a scroll of teleportation {unknown}
 j - a scroll of enchant weapon {unknown}
 l - a scroll of remove curse {unknown}
 m - a scroll of fear {unknown}
 n - a scroll of magic mapping {unknown}
Potions
 f - a potion of resistance {unknown}
 i - a potion of invisibility {unknown}
 k - a potion of curing {unknown}
 o - a potion of heal wounds {unknown}
Comestibles
 b - 3 rations


   Skills:
 - Level 4.0 Fighting
 + Level 3.3 Dodging
 + Level 0.5 Stealth
 + Level 2.1 Unarmed Combat
 - Level 2.0 Spellcasting
 - Level 3.6 Charms


You had 3 spell levels left.
You knew the following spells:

 Your Spells              Type           Power        Failure   Level  Hunger
a - Infusion              Chrm           ##..         5%          1    ##.....
b - Shroud of Golubria    Chrm/Tloc      #.....       17%         2    ###....

Your spell library contained the following spells:

 Spells                   Type           Power        Failure   Level  Hunger
 Song of Slaying          Chrm           ##......     9%          2    ###....
 Ozocubu's Armour         Chrm/Ice       #.......     34%         3    ####...
 Spectral Weapon          Hex/Chrm       Unusable     N/A         3    N/A

Dungeon Overview and Level Annotations

Branches:
Dungeon (3/15)

Altars:

Annotations:
D:3 3 runed translucent doors, Rotter5's ghost, amateur DrIE


Innate Abilities, Weirdness & Mutations

You cannot wear armour.
You are incapable of wielding weapons or throwing items.
Your paws allow you to move quietly. (Stealth)
You have sharp claws.
You have razor-sharp teeth.
You have supernaturally acute eyesight. (SInv)
You are carnivorous and can eat meat at any time.
You cover ground quickly.
You are covered in fur. (AC +1)
You have a slow metabolism.
Your sharp claws are effective at attacking unaware monsters.


Message History

The orc wizard gestures at you while chanting.
The puff of flame misses you.
You miss the orc wizard.
The orc wizard is almost dead.
The orc wizard hits you but does no damage.
You scratch the orc wizard.
The orc wizard is almost dead.
The orc wizard gestures at you while chanting.
The magic dart hits you!
Ouch! That really hurt!
* * * LOW HITPOINT WARNING * * *
Okay, then.
Unknown command.
Unknown command.
Unknown command.
You closely miss the orc wizard.
The orc wizard is almost dead.
The orc wizard gestures at you while chanting.
The magic dart hits you.
You die...

######### #.......# ##
####.####..# .#
##....##...## .#
###..#####.### .###
###...######.#
...####...###......#
##.#....########@###
#.......##.#.#W#o#####
.......<.#...ZZ#So...#..
##.#.....##$...+o.>.....
#......^#.?...+........
##<.###.###....+........
#..## #..#.....#......o.
..## ##.#.#.#.#..##....
.## .########## ....


You could see an orc wizard (invisible), Rotter5's ghost, an adder, 2 orcs, a
bullfrog zombie and a centaur skeleton.

Vanquished Creatures
  2 adders
  A worm (D:2)
  2 leopard geckos
  A giant cockroach (D:3)
  8 goblins
  A hobgoblin (D:1)
  2 jackals (D:2)
  4 kobolds
  2 quokkas (D:2)
  5 bats
  2 frilled lizards
  3 rats
33 creatures vanquished.

Notes
Turn   | Place    | Note
-------+----------+-------------------------------------------
     0 | D:1      | MisterFreud the Felid Skald began the quest for the Orb.
     0 | D:1      | Reached XP level 1. HP: 9/9 MP: 4/4
   337 | D:1      | Reached XP level 2. HP: 13/13 MP: 1/6
   341 | D:1      | Learned a level 2 spell: Shroud of Golubria
   655 | D:1      | Reached skill level 3 in Fighting
  1319 | D:2      | Reached XP level 3. HP: 10/17 MP: 0/7
  2053 | D:3      | Reached skill level 4 in Fighting
  2474 | D:3      | Found a runed translucent gate.
  2478 | D:3      | Found a runed translucent gate.
  2478 | D:3      | Found a runed translucent gate.
  2478 | D:3      | Noticed Rotter5's ghost (amateur DrIE)
  2514 | D:3      | Killed from afar by an orc wizard

Levels and vault maps discovered:
D:1:      dpeg_arrival_rooms_with_view, layout_basic
D:2:      layout_rooms, first_ration
D:3:      layout_rooms, gammafunk_ghost_necromancy,
          chequers_ecumenical_altar_twisty, minmay_divided_ellipse

Skill      XL: |  1  2  3 |
---------------+----------+-----
Fighting       | 3 4 |  4.0
Dodging        | |  3.3
Stealth        | |  0.5
Unarmed Combat | |  2.1
Spellcasting   | |  2.0
Charms         | |  3.6

Action                   || total
-------------------------++-------
Melee: Unarmed           ||   110
       Bite              ||     8
 Cast: Infusion          ||    18
       Shroud of Golubri ||    11
 Stab: Sleeping          ||     1
  Eat: Chunk             ||    11
Armor: Skin              ||     9
Dodge: Dodged            ||   117

Table legend:
 A = Non-vault XP
 B = Vault XP
 C = Vault XP percentage of total XP
 D = Non-vault monster count
 E = Vault monster count
 F = Vault count percentage of total count
                 A         B        C        D         E       F
            +---------+---------+-------+---------+---------+-------
      Total |      70 |      12 |  14.6 |      26 |       7 |  21.2
            +---------+---------+-------+---------+---------+-------
        D:1 |      16 |       3 |  15.8 |      10 |       2 |  16.7
        D:2 |      35 |       0 |   0.0 |      11 |       0 |   0.0
        D:3 |      19 |       9 |  32.1 |       5 |       5 |  50.0
            +---------+---------+-------+---------+---------+-------
